 Dungeon Crawl Stone Soup version 0.21-a0-150-gc243083 (webtiles) character file.

140 drasked the Conjurer (level 5, 0/28 HPs)
             Began as a Deep Elf Fire Elementalist on July 26, 2017.
             Was an Initiate of Vehumet.
             Slain by a centaur (10 damage)
             ... on level 4 of the Dungeon.
             The game lasted 00:07:50 (3453 turns).

drasked the Conjurer (Deep Elf Fire Elementalist)   Turns: 3453, Time: 00:07:51

Health: 0/28       AC:  3    Str:  7    XL:     5   Next: 2%
Magic:  9/11       EV: 13    Int: 21    God:    Vehumet [......]
Gold:   228        SH:  0    Dex: 20    Spells: 4/10 levels left

rFire    . . .     SeeInvis .   t - -1 dagger (curse)
rCold    . . .     Gourm    .   (no shield)
rNeg     . . .     Faith    .   a - +0 robe
rPois    .         Spirit   .   (no helmet)
rElec    .         Reflect  .   w - +0 cloak
rCorr    .         Harm     .   (no gloves)
MR       .....                  (no boots)
Stlth    ++........             (no amulet)
HPRegen  0.09/turn              p - +5 ring of dexterity
MPRegen  0.12/turn              k - +2 ring of strength

@: no status effects
A: no striking features
a: Renounce Religion


You were on level 4 of the Dungeon.
You worshipped Vehumet.
Vehumet was noncommittal.
You were not hungry.

You visited 2 branches of the dungeon, and saw 5 of its levels.

You collected 228 gold pieces.

Inventory:

Hand Weapons
 j - a +0 dagger
   (You took it off a goblin on level 1 of the Dungeon)
 t - a cursed -1 dagger (weapon)
   (You found it on level 3 of the Dungeon)
 u - a +0 mace of crushing
   (You found it on level 3 of the Dungeon)
Missiles
 h - 2 throwing nets {=f, !d}
Armour
 a - a +0 robe (worn)
 w - a +0 cloak (worn)
   (You found it on level 4 of the Dungeon)
Jewellery
 k - a +2 ring of strength (right hand)
   (You found it on level 1 of the Dungeon)
 p - a +5 ring of dexterity (left hand)
   (You took it off a hobgoblin on level 2 of the Dungeon)
Scrolls
 d - 2 scrolls of identify {unknown}
 f - 2 scrolls of magic mapping {unknown}
 g - 2 scrolls of teleportation {unknown}
 i - a scroll of blinking {unknown}
 l - 3 scrolls of remove curse {unknown}
 m - a scroll of enchant weapon {unknown}
 o - a scroll of recharging {unknown}
 q - a scroll of amnesia {unknown}
 r - 3 scrolls of enchant armour {unknown}
Potions
 e - a potion of curing
 n - a potion of flight {unknown}
 s - 2 potions of heal wounds {unknown}
 x - a potion of agility {unknown}
Books
 b - a book of Flames
Comestibles
 c - 5 bread rations {@e1}
 v - 4 fruits
 z - a royal jelly
 A - a chunk of flesh {@w0}


   Skills:
 - Level 2.4 Dodging
 - Level 2.4 Stealth
 - Level 3.0 Spellcasting
 + Level 5.0 Conjurations
 * Level 3.8 Fire Magic


You had 4 spell levels left.
You knew the following spells:

 Your Spells              Type           Power        Failure   Level  Hunger
a - Flame Tongue          Conj/Fire      ###..        2%          1    None
c - Conjure Flame         Conj/Fire      ###.....     6%          3    ###....
x - Throw Flame           Conj/Fire      ###...       3%          2    ##.....


Dungeon Overview and Level Annotations

Branches:
Dungeon (4/15)             Temple (1/1) D:4

Altars:
Ashenzari
Cheibriados
Fedhas
Kikubaaqudgha
Nemelex Xobeh
Okawaru
Qazlal
Ru
Sif Muna
Vehumet
Wu Jian
Xom
Yredelemnul
The Shining One

Shops:
D:4 ([

Annotations:
D:3 1 runed door, Nico3ck's ghost, amateur FoFi
D:4 2 transporters


Message History

Things that are here:
a club; a tomahawk There isn't anything to butcher here.
You start resting.
You see here 2 tomahawks.
Found Gukus's Armour Shoppe.
Health restored: 24; MP restored: 10
There is an abandoned shop here.
There is an entrance to Gukus's Armour Shoppe here.
l - 3 scrolls labeled WEFIZA TUUFIR (gained 2)
An adder comes into view.
An adder comes into view.
You can't see any susceptible monsters within range! (Use Z to cast anyway.)
The adder hisses angrily.
Aim: an adder The flame tongue hits the adder.
You now have 9/10 mp.
Aim: an adder (heavily wounded)
The flame tongue hits the adder.
You kill the adder!
Vehumet accepts your kill.
You now have 8/10 mp.
An adder comes into view.
The adder hisses angrily.
The adder barely misses you.
Aim: an adder The flame tongue hits the adder.
The adder misses you.
You now have 7/10 mp.
Aim: an adder (lightly wounded)
The flame tongue misses the adder.
The adder bites you.
You take 1 damage, and have 23/24 hp.
The adder bites you but does no damage.
Aim: an adder (lightly wounded)
The flame tongue hits the adder.
You kill the adder!
Vehumet accepts your kill.
You now have 6/10 mp.
Aim: an adder The flame tongue hits the adder.
You kill the adder!
Vehumet accepts your kill.
You now have 5/10 mp.
You see here an adder corpse.
You butcher the adder corpse.
A - 2 chunks of flesh {@w0} Eating one of 2 chunks of flesh {@w0}.
You eat one of the 2 chunks of flesh {@w0}.
Found a stone staircase leading up.
Health restored: 24; MP restored: 10
s - 2 pink potions (gained 1)
An adder comes into view.
An adder is nearby!
An adder is nearby!
Aim: an adder (resting)
The flame tongue hits the adder.
The adder hisses angrily.
You now have 9/10 mp.
Aim: an adder (heavily wounded)
The flame tongue hits the adder.
You kill the adder!
Vehumet accepts your kill.
You have reached level 5!
Health restored: 28 You now have 8/11 mp.
You see here 6 sling bullets.
A jackal comes into view.
A jackal is nearby!
The jackal barks!
A jackal comes into view.
Aim: a jackal The flame tongue hits the jackal.
The jackal barely misses you.
Aim: a jackal (moderately wounded)
The flame tongue hits the jackal.
You kill the jackal!
Vehumet accepts your kill.
Your Conjurations skill increases to level 5!
You now have 8/11 mp.
Aim: a jackal The flame tongue misses the jackal.
You now have 7/11 mp.
Aim: a jackal The flame tongue hits the jackal.
You kill the jackal!
Vehumet accepts your kill.
You now have 6/11 mp.
A centaur comes into view.
You regained 3 mp, and now have 9/11 mp.
A centaur is nearby!
The centaur shouts!
The centaur wields a shortbow.
The centaur shoots an arrow.
The arrow hits you!
You take 8 damage, and have 20/28 hp.
MASSIVE DAMAGE!!
The centaur shoots an arrow.
The arrow hits you!
You take 11 damage, and have 10/28 hp.
MASSIVE DAMAGE!!
Aim: a centaur, wielding a shortbow The flame tongue hits the centaur.
The centaur unwields an uncursed shortbow.
The centaur hits you!
You die...

..##..##..............
..##..#.#............
..##...#............
..##..#.........>.. #.
##..............
#.###..#...........
+..##..#.....[.....
#...(..............
#.@##.####.........
#..c.#.# #........#
#.......# ##.....###
#........# ##..#.#
..........# ####.#
...........# #.###
#.........## #.##.
###....#### #.###
#....


You could see a centaur.

Vanquished Creatures
  7 adders
  A gnoll (D:1)
  An adder skeleton (D:4)
  3 leopard geckos
  2 orcs
  8 bats
  7 goblins
  6 hobgoblins
  5 jackals
  4 frilled lizards
  A jackal skeleton (D:4)
  7 kobolds
  2 leopard gecko skeletons (D:4)
  4 rats
58 creatures vanquished.

Notes
Turn   | Place    | Note
-------+----------+-------------------------------------------
     0 | D:1      | drasked the Deep Elf Fire Elementalist began the quest for the Orb.
     0 | D:1      | Reached XP level 1. HP: 10/10 MP: 6/6
   340 | D:1      | Reached skill level 2 in Conjurations
   406 | D:1      | Reached XP level 2. HP: 15/15 MP: 5/8
   434 | D:1      | Learned a level 2 spell: Throw Flame
   790 | D:1      | HP: 2/15 [gnoll/flail (9)]
   791 | D:1      | Reached skill level 3 in Conjurations
  1178 | D:2      | HP: 3/15 [adder (1)]
  1179 | D:2      | Reached XP level 3. HP: 4/19 MP: 0/9
  1761 | D:2      | Reached skill level 4 in Conjurations
  1962 | D:2      | Learned a level 3 spell: Conjure Flame
  2096 | D:3      | Noticed Nico3ck's ghost (amateur FoFi)
  2336 | D:3      | Reached XP level 4. HP: 24/24 MP: 7/10
  2494 | D:3      | Found a runed door.
  2821 | D:4      | Found a staircase to the Ecumenical Temple.
  2828 | Temple   | Entered the Ecumenical Temple
  2901 | Temple   | Became a worshipper of Vehumet
  2965 | D:4      | Found a transporter.
  3034 | D:4      | Found Villemn's Antique Weapon Emporium.
  3037 | D:4      | Found a transporter.
  3256 | D:4      | Found Gukus's Armour Shoppe.
  3401 | D:4      | Reached XP level 5. HP: 28/28 MP: 8/11
  3415 | D:4      | Reached skill level 5 in Conjurations
  3446 | D:4      | Noticed a centaur
  3453 | D:4      | Slain by a centaur

Vault maps used:
D:1:      dpeg_arrival_three_smaller_balls, kennysheep_small_spiral,
          minmay_misc_feat_x, minmay_misc_feat_doors
D:3:      marbit_many_paths, uniq_crazy_yiuf_cottage
D:4:      gammafunk_steamed_eel, gammafunk_temple_overflow_claw,
          minmay_temple_entry_enclosed_plants, first_bread, serial_shops,
          nicolae_shop_competitors_out_of_business, nicolae_shop_window_shopping
Temple:   jpeg_temple_clearing

Skill      XL: |  1  2  3  4  5 |
---------------+----------------+-----
Conjurations   | 2 3 4 5 |  5.0
Dodging        | |  2.4
Stealth        | |  2.4
Spellcasting   | |  3.0
Fire Magic     | |  3.8

Action                   |  1- 3 |  4- 6 || total
-------------------------+-------+-------++-------
Melee: Whip              |     7 |       ||     7
       Dagger            |     3 |     1 ||     4
 Cast: Flame Tongue      |    60 |    38 ||    98
       Throw Flame       |     1 |       ||     1
       Conjure Flame     |       |     3 ||     3
  Use: Potion            |     1 |       ||     1
 Stab: Sleeping          |     1 |       ||     1
  Eat: Chunk             |     3 |     5 ||     8
Armor: Robe              |     6 |     3 ||     9
Dodge: Dodged            |    22 |    12 ||    34

Vault maps used:
D:1:      dpeg_arrival_three_smaller_balls, kennysheep_small_spiral,
          minmay_misc_feat_x, minmay_misc_feat_doors
D:3:      marbit_many_paths, uniq_crazy_yiuf_cottage
D:4:      gammafunk_steamed_eel, gammafunk_temple_overflow_claw,
          minmay_temple_entry_enclosed_plants, first_bread, serial_shops,
          nicolae_shop_competitors_out_of_business, nicolae_shop_window_shopping
Temple:   jpeg_temple_clearing

Table legend:
 A = Turns spent in this place as a percentage of turns spent in the entire game.
 B = Non-inter-level travel turns spent in this place as a percentage of non-inter-level travel turns spent in the entire game.
 C = Inter-level travel turns spent in this place as a percentage of turns spent in this place.
 D = Turns resting spent in this place as a percentage of non-inter-level travel turns spent in this place.
 E = Turns spent auto-exploring this place as a percentage of non-inter-level travel turns spent in this place.
 F = Non-inter-level travel turns spent in this place divided by the number of levels of this place that you've seen.
                   A       B       C       D       E      F
               +-------+-------+-------+-------+-------+----------------------
         Total | 100.0 | 100.0 |   0.5 |   2.0 |  11.0 | 219.4
       Dungeon |  95.9 |  96.0 |   0.4 |   2.1 |  10.2 | 263.2
        Temple |   4.1 |   4.0 |   2.2 |   0.0 |  31.8 |  44.0
               +-------+-------+-------+-------+-------+----------------------

Table legend:
 A = Kills in this place as a percentage of kills in entire the game.
 B = Kills by you in this place as a percentage of kills by you in the entire game.
 C = Kills by friends in this place as a percentage of kills by friends in the entire game.
 D = Other kills in this place as a percentage of other kills in the entire game.
 E = Experience gained in this place as a percentage of experience gained in the entire game.
 F = Experience gained in this place divided by the number of levels of this place that you have seen.
                   A       B       C       D       E      F
               +-------+-------+-------+-------+-------+----------------------
         Total | 100.0 | 100.0 |  -nan |  -nan | 100.0 |  40.2
       Dungeon | 100.0 | 100.0 |  -nan |  -nan | 100.0 |  50.2
               +-------+-------+-------+-------+-------+----------------------
